General information
- name: BNet
- type: Ladder team game (AT/RT)
- host: Battle.net
- saver: OlesnTwinsHPV
map: TidewaterGlades
- players: 4
- length: 33:24
- speed: Fast
- version: 1.24 W3XP
- replay type: Public
» download(208 KB)
Players
team 1 (loser)

»
HowsYourMom (
yellow | 82 APM | 2733 actions | 33:23)
4 Keeper of the Grove
2 Entangling Roots
1 Thorns Aura
1 Force of Nature
4 Naga Sea Witch
2 Frost Arrows
2 Forked Lightning
» actions
| Assign group hotkey | 35 | |
| Basic commands | 31 | |
| Build / train | 80 | |
| Enter build submenu | 30 | |
| Enter hero's abilities submenu | 8 | |
| Give item / drop item | 1 | |
| Right click | 1060 | |
| Select / deselect | 238 | |
| Select group hotkey | 1108 | |
| Use ability | 142 | |
2733 total
» units
| Wisp | 27 | |
| Huntress | 4 | |
| Dryad | 5 | |
| Mountain Giant | 1 | |
| Druid of the Claw | 6 | |
| Glaive Thrower | 2 | |
45 total
» upgrades
| Strength of the Moon | 1 | |
| Sentinel | 1 | |
| Druid of the Claw Training | 2 | |
| Strength of the Wild | 2 | |
| Hardened Skin | 1 | |
| Mark of the Claw | 2 | |
| Reinforced Hides | 1 | |
| Abolish Magic | 1 | |
11 total
» buildings
| Altar of Elders | 2 | |
| Moon Well | 13 | |
| Ancient of Wonders | 1 | |
| Hunter's Hall | 1 | |
| Ancient of War | 1 | |
| Tree of Ages | 1 | |
| Tree of Life | 3 | |
| Ancient of Lore | 2 | |
| Ancient Protector | 2 | |
| Tree of Eternity | 1 | |
| Ancient of Wind | 1 | |
28 total
» build order
00:10 Altar of Elders
00:22 Moon Well
01:02 Ancient of Wonders
01:50 Hunter's Hall
02:04 Ancient of War
02:14 Moon Well
04:34 Tree of Ages
05:45 Moon Well
07:07 Tree of Life
07:27 Moon Well
07:56 Moon Well
08:06 Ancient of Lore
08:35 Ancient of Lore
10:07 Ancient Protector
10:38 Tree of Eternity
11:13 Moon Well
11:27 Moon Well
12:06 Ancient Protector
16:43 Moon Well
17:41 Ancient of Wind
20:49 Tree of Life
23:19 Tree of Life
25:08 Moon Well
25:10 Moon Well
25:12 Moon Well
25:13 Moon Well
25:14 Moon Well
25:53 Altar of Elders
» items
| Lesser Clarity Potion | 5 | |
| Dust of Appearance | 1 | |
| Scroll of Town Portal | 2 | |
| Potion of Healing | 1 | |
| Potion of Mana | 1 | |
| Scroll of Protection | 1 | |
| Staff of Preservation | 1 | |
12 total
oLRo (
pink | 156 APM | 5180 actions | 33:18)
4 Archmage
2 Summon Water Elemental
2 Brilliance Aura
3 Mountain King
2 Storm Bolt
1 Thunder Clap
» actions
| Assign group hotkey | 31 | |
| Basic commands | 241 | |
| Build / train | 111 | |
| ESC pressed | 4 | |
| Enter build submenu | 46 | |
| Enter hero's abilities submenu | 7 | |
| Give item / drop item | 1 | |
| Right click | 2573 | |
| Select / deselect | 610 | |
| Select group hotkey | 1377 | |
| Use ability | 179 | |
5180 total
» units
| Peasant | 19 | |
| Footman | 13 | |
| Sorceress | 3 | |
| Priest | 4 | |
| Mortar Team | 6 | |
| Siege Engine | 6 | |
| Spell Breaker | 4 | |
55 total
» upgrades
| Defend | 1 | |
| Masonry | 2 | |
| Priest Training | 1 | |
| Lumber Harvesting | 1 | |
| Flare | 1 | |
| Magic Sentry | 1 | |
| Gunpowder | 3 | |
| Fragmentation Shards | 1 | |
| Barrage | 1 | |
12 total
» buildings
| Altar of Kings | 1 | |
| Farm | 11 | |
| Barracks | 1 | |
| Scout Tower | 23 | |
| Arcane Tower | 3 | |
| Keep | 3 | |
| Arcane Vault | 1 | |
| Arcane Sanctum | 2 | |
| Blacksmith | 1 | |
| Lumber Mill | 1 | |
| Guard Tower | 19 | |
| Town Hall | 1 | |
| Workshop | 2 | |
| Castle | 1 | |
70 total
» build order
00:09 Altar of Kings
00:12 Farm
00:20 Barracks
00:52 Farm
00:56 Farm
01:29 Scout Tower
01:58 Arcane Tower
02:07 Farm
03:18 Keep
03:18 Keep
04:05 Arcane Vault
05:14 Farm
05:49 Arcane Sanctum
05:52 Arcane Sanctum
06:17 Blacksmith
06:20 Lumber Mill
06:54 Scout Tower
06:59 Scout Tower
07:26 Guard Tower
07:46 Farm
07:48 Guard Tower
08:09 Scout Tower
08:52 Guard Tower
09:53 Farm
10:28 Farm
11:29 Town Hall
11:31 Scout Tower
11:34 Scout Tower
11:35 Scout Tower
11:54 Workshop
11:57 Workshop
12:05 Arcane Tower
12:06 Guard Tower
12:06 Guard Tower
13:40 Farm
13:42 Farm
14:02 Scout Tower
14:03 Scout Tower
15:01 Scout Tower
15:03 Scout Tower
15:04 Scout Tower
15:29 Arcane Tower
15:31 Guard Tower
15:33 Guard Tower
15:34 Scout Tower
16:13 Guard Tower
16:53 Castle
17:33 Scout Tower
21:11 Scout Tower
21:14 Scout Tower
21:15 Scout Tower
21:48 Guard Tower
21:50 Guard Tower
21:51 Scout Tower
21:56 Farm
24:07 Guard Tower
25:18 Scout Tower
25:23 Scout Tower
25:26 Scout Tower
25:27 Guard Tower
25:56 Guard Tower
25:57 Scout Tower
26:29 Guard Tower
26:29 Guard Tower
26:29 Guard Tower
26:30 Guard Tower
26:37 Guard Tower
29:47 Scout Tower
» items
| Scroll of Town Portal | 2 | |
| Potion of Healing | 2 | |
| Potion of Mana | 1 | |
| Staff of Sanctuary | 1 | |
6 total
team 2 (winner)
ILoveToFlip (
purple | 97 APM | 3215 actions | 33:04)
5 Archmage
3 Blizzard
2 Brilliance Aura
5 Mountain King
3 Storm Bolt
2 Bash
4 Paladin
2 Holy Light
2 Divine Shield
» actions
| Assign group hotkey | 16 | |
| Basic commands | 43 | |
| Build / train | 86 | |
| Enter build submenu | 37 | |
| Enter hero's abilities submenu | 15 | |
| Give item / drop item | 10 | |
| Remove unit from queue | 1 | |
| Right click | 1591 | |
| Select / deselect | 779 | |
| Select group hotkey | 398 | |
| Use ability | 239 | |
3215 total
» units
| Peasant | 13 | |
| Furbolg Shaman | 1 | |
| Sorceress | 3 | |
| Priest | 3 | |
20 total
» upgrades
| Masonry | 3 | |
| Lumber Harvesting | 1 | |
| Magic Sentry | 1 | |
| Sorceress Training | 2 | |
| Priest Training | 2 | |
9 total
» buildings
| Altar of Kings | 1 | |
| Farm | 7 | |
| Scout Tower | 36 | |
| Lumber Mill | 1 | |
| Arcane Tower | 6 | |
| Guard Tower | 14 | |
| Keep | 1 | |
| Arcane Sanctum | 1 | |
| Castle | 1 | |
| Arcane Vault | 2 | |
| Town Hall | 1 | |
71 total
» build order
00:08 Altar of Kings
00:20 Farm
00:31 Scout Tower
00:52 Lumber Mill
01:02 Arcane Tower
01:24 Farm
01:36 Scout Tower
01:53 Scout Tower
02:15 Guard Tower
02:25 Guard Tower
04:15 Keep
04:19 Farm
04:21 Scout Tower
04:53 Arcane Tower
04:57 Scout Tower
05:30 Guard Tower
05:35 Farm
06:42 Arcane Sanctum
06:52 Farm
07:41 Farm
08:54 Castle
09:00 Scout Tower
09:38 Guard Tower
09:40 Scout Tower
10:38 Guard Tower
11:26 Arcane Vault
11:53 Farm
13:16 Arcane Vault
15:26 Scout Tower
15:28 Scout Tower
15:30 Scout Tower
16:43 Arcane Tower
16:44 Guard Tower
18:43 Scout Tower
18:43 Scout Tower
19:18 Scout Tower
19:18 Scout Tower
20:38 Guard Tower
20:41 Scout Tower
20:41 Scout Tower
20:42 Scout Tower
20:43 Scout Tower
21:48 Guard Tower
22:15 Guard Tower
24:08 Scout Tower
24:24 Scout Tower
24:25 Scout Tower
24:26 Scout Tower
24:26 Scout Tower
24:27 Scout Tower
24:27 Scout Tower
24:29 Scout Tower
24:29 Scout Tower
24:30 Scout Tower
24:30 Scout Tower
25:07 Guard Tower
25:21 Guard Tower
25:23 Scout Tower
25:23 Scout Tower
25:24 Scout Tower
25:29 Arcane Tower
25:39 Guard Tower
26:22 Guard Tower
26:47 Town Hall
27:52 Guard Tower
29:00 Scout Tower
29:01 Scout Tower
29:02 Scout Tower
29:51 Arcane Tower
29:57 Arcane Tower
» items
| Healing Salve | 2 | |
| Lesser Clarity Potion | 2 | |
| Boots of Speed | 3 | |
| Staff of Teleportation | 3 | |
| Staff of Sanctuary | 3 | |
| Orb of Lightning | 3 | |
| Potion of Healing | 1 | |
17 total
OlesnTwinsHPV (
green | 108 APM | 3603 actions | 33:24)
4 Blademaster
2 Wind Walk
2 Critical Strike
6 Shadow Hunter
3 Hex
3 Healing Wave
» actions
| Assign group hotkey | 41 | |
| Basic commands | 32 | |
| Build / train | 67 | |
| ESC pressed | 2 | |
| Enter build submenu | 52 | |
| Enter hero's abilities submenu | 10 | |
| Give item / drop item | 12 | |
| Right click | 1834 | |
| Select / deselect | 295 | |
| Select group hotkey | 1036 | |
| Use ability | 219 | |
3603 total
» units
| Peon | 14 | |
| Troll Batrider | 7 | |
| Furbolg Shaman | 2 | |
| Thunder Lizard | 1 | |
| Goblin Zeppelin | 2 | |
26 total
» upgrades
» buildings
| Altar of Storms | 2 | |
| Orc Burrow | 7 | |
| Voodoo Lounge | 2 | |
| War Mill | 2 | |
| Watch Tower | 26 | |
| Stronghold | 2 | |
| Fortress | 1 | |
| Beastiary | 3 | |
| Great Hall | 1 | |
46 total
» build order
00:09 Altar of Storms
00:21 Orc Burrow
00:52 Voodoo Lounge
01:07 War Mill
01:43 Orc Burrow
02:23 Watch Tower
02:39 Watch Tower
02:53 Watch Tower
03:46 Watch Tower
04:17 Watch Tower
04:18 Watch Tower
04:20 Watch Tower
04:23 Watch Tower
05:17 Watch Tower
05:42 Stronghold
05:42 Stronghold
06:42 Watch Tower
08:09 Watch Tower
08:11 Watch Tower
08:14 Orc Burrow
09:09 Fortress
09:10 Beastiary
09:11 Beastiary
09:15 Watch Tower
09:17 Watch Tower
11:57 Beastiary
13:53 Orc Burrow
15:28 Voodoo Lounge
23:32 Altar of Storms
23:34 Orc Burrow
23:35 Orc Burrow
26:54 Great Hall
28:36 War Mill
29:17 Orc Burrow
30:49 Watch Tower
30:49 Watch Tower
30:50 Watch Tower
30:51 Watch Tower
30:58 Watch Tower
31:03 Watch Tower
31:04 Watch Tower
31:04 Watch Tower
31:53 Watch Tower
31:53 Watch Tower
31:54 Watch Tower
31:58 Watch Tower
» items
| Lesser Clarity Potion | 4 | |
| Healing Salve | 5 | |
| Circlet of Nobility | 3 | |
| Boots of Speed | 4 | |
| Staff of Teleportation | 2 | |
| Potion of Healing | 1 | |
| Orb of Lightning | 2 | |
| Potion of Invisibility | 1 | |
| Scroll of Town Portal | 1 | |
| Staff of Sanctuary | 2 | |
25 total
Chat log
(00:30 / All) oLRo: gg gl hf
(11:05 / All) HowsYourMom: rofl
(11:23 / All) OlesnTwinsHPV: nice tp
(29:22 / All) OlesnTwinsHPV: gg nubzorz
(30:37 / All) OlesnTwinsHPV: gg nubzorz
(32:03 / All) OlesnTwinsHPV: gg nubzorz
(32:53 / All) OlesnTwinsHPV: lmao
(33:04 / All) OlesnTwinsHPV: to a blade without boots